2323 views
Uploaded 2022-06-03 15:54:10
Game version 1.32.10
44:16 long 3on3 ladder game on (6)StranglethornVale
Saved by GIGA
2323 views
Uploaded 2022-06-03 15:54:10
Game version 1.32.10
44:16 long 3on3 ladder game on (6)StranglethornVale


153 units @ 26.1k
/ 5.9k
100 buildings @ 13.7k
/ 6.7k


| Peasant | 12 | 900 | / | 0 |
| Footman | 6 | 810 | / | 0 |
| Mortar Team | 36 | 6480 | / | 2520 |
| Goblin Shredder | 1 | 375 | / | 100 |
| total: | 55 | 8565g | / | 2620w |
| Scout Tower | 2 | 60 | / | 40 |
| Guard Tower | 2 | 140 | / | 100 |
| Altar of Kings | 1 | 180 | / | 50 |
| Farm | 13 | 1040 | / | 260 |
| Barracks | 1 | 160 | / | 60 |
| Lumber Mill | 1 | 120 | / | 0 |
| Town Hall | 2 | 770 | / | 410 |
| Blacksmith | 1 | 140 | / | 60 |
| Arcane Vault | 1 | 130 | / | 30 |
| Workshop | 3 | 420 | / | 420 |
| Keep | 1 | 320 | / | 210 |
| Castle | 1 | 360 | / | 210 |
| total: | 25 | 3020g | / | 1330w |
| 0:02 | Peasant |
| 0:03 | Peasant |
| 0:08 | Altar of Kings |
| 0:12 | Farm |
| 0:22 | Barracks |
| 0:25 | Peasant |
| 0:42 | Peasant |
| 0:49 | Farm |
| 0:59 | Peasant |
| 1:10 | Lumber Mill |
| 1:16 | Peasant |
| 1:29 | Footman |
| 1:38 | Farm |
| 1:49 | Footman |
| 1:57 | Peasant |
| 2:05 | Peasant |
| 2:08 | Summon Water Elemental |
| 2:20 | Scout Tower |
| 2:24 | Peasant |
| 2:36 | Footman |
| 2:39 | Improved Lumber Harvesting |
| 2:47 | Farm |
| 3:31 | Farm |
| 3:32 | Footman |
| 3:33 | Footman |
| 4:24 | Brilliance Aura |
| 4:34 | Town Hall |
| 4:49 | Keep |
| 5:22 | Guard Tower |
| 5:23 | Footman |
| 5:40 | Blacksmith |
| 5:46 | Peasant |
| 5:47 | Peasant |
| 5:50 | Peasant |
| 6:29 | Goblin Shredder |
| 7:02 | Black Gunpowder |
| 7:13 | Workshop |
| 7:48 | Scout Tower |
| 8:03 | Advanced Lumber Harvesting |
| 8:10 | Castle |
| 8:13 | Refined Gunpowder |
| 8:17 | Workshop |
| 8:18 | Mortar Team |
| 8:19 | Mortar Team |
| 9:01 | Farm |
| 9:21 | Mortar Team |
| 9:22 | Mortar Team |
| 9:24 | Flare |
| 9:24 | Mortar Team |
| 9:37 | Studded Leather Armor |
| 9:40 | Farm |
| 9:45 | Flame Strike |
| 10:04 | Farm |
| 10:06 | Farm |
| 10:08 | Improved Masonry |
| 10:19 | Mortar Team |
| 10:20 | Mortar Team |
| 10:34 | Fragmentation Shards |
| 10:35 | Mortar Team |
| 10:41 | Reinforced Leather Armor |
| 10:46 | Farm |
| 10:51 | Farm |
| 11:16 | Mortar Team |
| 11:17 | Mortar Team |
| 12:03 | Mortar Team |
| 12:04 | Mortar Team |
| 13:39 | Mortar Team |
| 13:39 | Mortar Team |
| 13:39 | Mortar Team |
| 13:39 | Mortar Team |
| 13:40 | Mortar Team |
| 13:40 | Mortar Team |
| 13:40 | Mortar Team |
| 15:44 | Farm |
| 15:55 | Imbued Gunpowder |
| 15:57 | Mortar Team |
| 15:57 | Mortar Team |
| 15:57 | Mortar Team |
| 15:57 | Mortar Team |
| 15:57 | Mortar Team |
| 17:26 | Mortar Team |
| 17:27 | Mortar Team |
| 17:35 | Dragonhide Armor |
| 17:51 | Arcane Vault |
| 17:58 | Summon Water Elemental |
| 18:53 | Guard Tower |
| 19:41 | Farm |
| 21:14 | Mortar Team |
| 23:25 | Mortar Team |
| 23:25 | Mortar Team |
| 23:25 | Mortar Team |
| 23:25 | Mortar Team |
| 24:26 | Workshop |
| 24:27 | Mortar Team |
| 24:27 | Mortar Team |
| 24:27 | Mortar Team |
| 24:27 | Mortar Team |
| 25:55 | Mortar Team |
| 27:29 | Siphon Mana |
| 27:45 | Town Hall |
| Right click | 1062 |
| Select | 500 |
| Build/train/purchase | 106 |
| Chat | 57 |
| Misc. action | 33 |
| Use ability | 11 |
| Remove unit | 11 |
| Minimap ping | 8 |



| Healing Salve | 1 | 100 |
| Lesser Clarity Potion | 1 | 70 |
| Orb of Lightning | 1 | 375 |
| Scroll of Town Portal | 2 | 700 |
| Orb of Fire | 1 | 325 |
| total: | 6 | 1570g |
| Peon | 10 | 750 | / | 0 |
| Troll Headhunter | 9 | 1260 | / | 180 |
| Troll Witch Doctor | 6 | 870 | / | 150 |
| Shaman | 6 | 780 | / | 120 |
| Troll Berserker | 6 | 840 | / | 120 |
| Troll Batrider | 2 | 320 | / | 80 |
| Demolisher | 2 | 440 | / | 100 |
| Goblin Shredder | 1 | 375 | / | 100 |
| Frost Wyrm | 5 | 1925 | / | 600 |
| Crypt Fiend | 8 | 1720 | / | 320 |
| Acolyte | 1 | 75 | / | 0 |
| Rifleman | 3 | 615 | / | 90 |
| Siege Engine | 1 | 195 | / | 60 |
| total: | 60 | 10165g | / | 1920w |
| Watch Tower | 30 | 3300 | / | 2400 |
| Altar of Storms | 1 | 180 | / | 50 |
| Orc Burrow | 7 | 1120 | / | 280 |
| War Mill | 1 | 205 | / | 0 |
| Barracks | 3 | 540 | / | 150 |
| Voodoo Lounge | 1 | 130 | / | 30 |
| Great Hall | 1 | 385 | / | 185 |
| Spirit Lodge | 2 | 300 | / | 300 |
| Beastiary | 2 | 290 | / | 280 |
| Stronghold | 1 | 315 | / | 190 |
| Fortress | 1 | 325 | / | 190 |
| Scout Tower | 2 | 60 | / | 40 |
| Guard Tower | 1 | 70 | / | 50 |
| Ziggurat | 2 | 300 | / | 100 |
| total: | 52 | 6810g | / | 3815w |
| 0:03 | Peon |
| 0:03 | Peon |
| 0:04 | Peon |
| 0:18 | Altar of Storms |
| 0:29 | Orc Burrow |
| 0:52 | War Mill |
| 0:56 | Peon |
| 1:16 | Barracks |
| 1:17 | Peon |
| 1:17 | Peon |
| 1:31 | Peon |
| 1:51 | Orc Burrow |
| 1:54 | Peon |
| 2:06 | Voodoo Lounge |
| 2:18 | Troll Headhunter |
| 2:32 | Troll Headhunter |
| 2:37 | War Stomp |
| 2:45 | Orc Burrow |
| 2:57 | Troll Headhunter |
| 3:16 | Peon |
| 3:16 | Peon |
| 3:21 | Troll Headhunter |
| 3:29 | Healing Salve |
| 3:38 | Lesser Clarity Potion |
| 3:49 | Troll Headhunter |
| 4:32 | Stronghold |
| 4:35 | Troll Headhunter |
| 4:41 | Steel Ranged Weapons |
| 4:48 | Endurance Aura |
| 5:03 | Troll Headhunter |
| 5:06 | Orc Burrow |
| 5:26 | Troll Headhunter |
| 5:47 | Steel Armor |
| 5:49 | Troll Headhunter |
| 5:56 | War Stomp |
| 6:14 | Orc Burrow |
| 7:03 | Spirit Lodge |
| 7:06 | Spirit Lodge |
| 7:08 | Thorium Ranged Weapons |
| 7:24 | Watch Tower |
| 7:28 | Fortress |
| 7:31 | Watch Tower |
| 8:12 | Watch Tower |
| 8:22 | Witch Doctor Adept Training |
| 8:28 | Shaman Adept Training |
| 9:22 | Hex |
| 9:26 | Troll Witch Doctor |
| 9:29 | Shaman |
| 9:33 | Thorium Armor |
| 10:20 | Shaman Master Training |
| 10:27 | Endurance Aura |
| 10:46 | Berserker Upgrade |
| 11:12 | Witch Doctor Master Training |
| 11:53 | Watch Tower |
| 12:38 | Troll Witch Doctor |
| 12:39 | Shaman |
| 12:43 | Reinforced Defenses |
| 13:41 | Goblin Shredder |
| 13:52 | Great Hall |
| 14:07 | Shaman |
| 14:08 | Troll Witch Doctor |
| 14:17 | Watch Tower |
| 14:32 | Healing Wave |
| 15:00 | Arcanite Ranged Weapons |
| 15:29 | Watch Tower |
| 15:57 | Shaman |
| 15:57 | Shaman |
| 15:59 | Troll Witch Doctor |
| 15:59 | Troll Witch Doctor |
| 16:21 | Watch Tower |
| 16:24 | Watch Tower |
| 16:39 | Watch Tower |
| 17:31 | Beastiary |
| 17:35 | Watch Tower |
| 17:39 | Troll Berserker |
| 18:33 | Watch Tower |
| 18:38 | Beastiary |
| 19:28 | Watch Tower |
| 19:33 | Orb of Lightning |
| 19:55 | Scroll of Town Portal |
| 20:01 | Watch Tower |
| 20:03 | Liquid Fire |
| 20:05 | Troll Batrider |
| 20:42 | Watch Tower |
| 20:56 | Watch Tower |
| 20:59 | Spiked Barricades |
| 21:33 | Watch Tower |
| 21:43 | Black Arrow |
| 21:48 | Watch Tower |
| 21:50 | Watch Tower |
| 21:53 | Watch Tower |
| 22:14 | Watch Tower |
| 22:18 | Watch Tower |
| 22:25 | Watch Tower |
| 22:46 | Shaman |
| 22:47 | Troll Witch Doctor |
| 22:53 | Watch Tower |
| 23:14 | Troll Batrider |
| 23:35 | Watch Tower |
| 24:08 | Watch Tower |
| 24:18 | Orb of Fire |
| 24:29 | Watch Tower |
| 24:34 | Watch Tower |
| 24:37 | Watch Tower |
| 25:40 | Watch Tower |
| 25:42 | Watch Tower |
| 25:45 | Scroll of Town Portal |
| 26:39 | Orc Burrow |
| 27:04 | Barracks |
| 27:09 | Barracks |
| 27:48 | Orc Burrow |
| 28:23 | Burning Oil |
| 28:33 | Demolisher |
| 28:49 | Creature Attack |
| 28:51 | Frost Wyrm |
| 29:13 | Barrage |
| 32:48 | Demolisher |
| 33:14 | Crypt Fiend |
| 33:14 | Crypt Fiend |
| 33:15 | Crypt Fiend |
| 33:18 | Frost Wyrm |
| 33:46 | Troll Berserker |
| 33:54 | Healing Wave |
| 33:58 | Life Drain |
| 34:46 | Crypt Fiend |
| 35:37 | Troll Berserker |
| 36:10 | Crypt Fiend |
| 36:11 | Crypt Fiend |
| 36:11 | Crypt Fiend |
| 37:16 | Frost Wyrm |
| 37:32 | Siege Engine |
| 37:57 | Troll Berserker |
| 37:57 | Troll Berserker |
| 37:57 | Troll Berserker |
| 38:30 | Creature Carapace |
| 39:18 | Frost Wyrm |
| 39:54 | War Stomp |
| 41:15 | Crypt Fiend |
| 41:17 | Acolyte |
| 41:20 | Frost Wyrm |
| 41:37 | Ziggurat |
| 41:40 | Ziggurat |
| 42:36 | Scout Tower |
| 43:05 | Rifleman |
| 43:05 | Rifleman |
| 43:05 | Rifleman |
| 43:18 | Guard Tower |
| 43:21 | Scout Tower |
| Right click | 796 |
| Select group | 616 |
| Select | 549 |
| Misc. action | 209 |
| Build/train/purchase | 138 |
| Use ability | 59 |
| Assign group | 44 |
| Resource trade | 32 |
| Item give/drop | 3 |
| Remove unit | 2 |
| Minimap ping | 1 |


| Sacrificial Skull | 1 | 50 |
| Rod of Necromancy | 1 | 150 |
| Dust of Appearance | 3 | 225 |
| Scroll of Town Portal | 1 | 350 |
| Potion of Lesser Invulnerability | 1 | 150 |
| Scroll of Protection | 1 | 150 |
| total: | 8 | 1075g |
| Acolyte | 8 | 600 | / | 0 |
| Ghoul | 9 | 1080 | / | 0 |
| Crypt Fiend | 12 | 2580 | / | 480 |
| Frost Wyrm | 7 | 2695 | / | 840 |
| Gargoyle | 1 | 175 | / | 30 |
| Meat Wagon | 1 | 230 | / | 50 |
| total: | 38 | 7360g | / | 1400w |
| Nerubian Tower | 4 | 400 | / | 80 |
| Spirit Tower | 8 | 1160 | / | 320 |
| Crypt | 2 | 400 | / | 100 |
| Altar of Darkness | 1 | 180 | / | 50 |
| Ziggurat | 11 | 1650 | / | 550 |
| Tomb of Relics | 1 | 130 | / | 30 |
| Graveyard | 1 | 215 | / | 0 |
| Necropolis | 2 | 450 | / | 0 |
| Slaughterhouse | 2 | 280 | / | 270 |
| Boneyard | 3 | 525 | / | 600 |
| Halls of the Dead | 2 | 640 | / | 420 |
| Black Citadel | 2 | 650 | / | 460 |
| total: | 23 | 3830g | / | 1600w |
| 0:02 | Acolyte |
| 0:13 | Crypt |
| 0:19 | Altar of Darkness |
| 0:22 | Acolyte |
| 0:33 | Ziggurat |
| 0:53 | Tomb of Relics |
| 1:17 | Ghoul |
| 1:17 | Ghoul |
| 1:29 | Ziggurat |
| 1:50 | Ghoul |
| 1:58 | Ghoul |
| 2:03 | Nerubian Tower |
| 2:23 | Sacrificial Skull |
| 2:25 | Rod of Necromancy |
| 2:33 | Carrion Beetles |
| 2:36 | Ghoul |
| 2:36 | Ghoul |
| 2:58 | Ghoul |
| 3:01 | Acolyte |
| 3:32 | Ziggurat |
| 3:41 | Acolyte |
| 3:45 | Impale |
| 4:01 | Graveyard |
| 4:32 | Dust of Appearance |
| 4:44 | Nerubian Tower |
| 4:46 | Ziggurat |
| 4:53 | Necropolis |
| 5:42 | Crypt Fiend |
| 6:11 | Crypt Fiend |
| 6:12 | Halls of the Dead |
| 6:21 | Spirit Tower |
| 6:23 | Ziggurat |
| 6:25 | Acolyte |
| 6:26 | Acolyte |
| 6:26 | Acolyte |
| 6:38 | Ziggurat |
| 7:11 | Ziggurat |
| 7:13 | Acolyte |
| 7:22 | Crypt Fiend |
| 7:25 | Carrion Beetles |
| 7:46 | Crypt Fiend |
| 7:59 | Ghoul |
| 7:59 | Ghoul |
| 8:08 | Spirit Tower |
| 8:09 | Nerubian Tower |
| 8:26 | Creature Attack |
| 8:53 | Black Citadel |
| 8:55 | Creature Carapace |
| 9:47 | Spirit Tower |
| 9:49 | Spirit Tower |
| 10:01 | Potion of Lesser Invulnerability |
| 10:14 | Improved Creature Attack |
| 10:14 | Advanced Creature Attack |
| 11:14 | Boneyard |
| 11:15 | Boneyard |
| 11:16 | Boneyard |
| 11:31 | Death Coil |
| 12:36 | Frost Wyrm |
| 12:38 | Freezing Breath |
| 13:07 | Frost Wyrm |
| 13:25 | Frost Wyrm |
| 13:46 | Frost Wyrm |
| 14:11 | Impale |
| 14:22 | Scroll of Protection |
| 15:04 | Frost Wyrm |
| 15:53 | Crypt Fiend |
| 15:53 | Crypt Fiend |
| 15:53 | Crypt Fiend |
| 16:06 | Web |
| 16:42 | Unholy Aura |
| 16:52 | Improved Creature Carapace |
| 16:52 | Advanced Creature Carapace |
| 17:32 | Frost Wyrm |
| 17:40 | Crypt |
| 18:23 | Dust of Appearance |
| 18:26 | Crypt Fiend |
| 18:26 | Crypt Fiend |
| 19:25 | Crypt Fiend |
| 19:32 | Crypt Fiend |
| 20:21 | Crypt Fiend |
| 20:30 | Frost Wyrm |
| 22:06 | Necropolis |
| 23:01 | Dust of Appearance |
| 23:39 | Impale |
| 23:49 | Ziggurat |
| 23:49 | Ziggurat |
| 23:49 | Ziggurat |
| 23:50 | Ziggurat |
| 24:14 | Scroll of Town Portal |
| 24:46 | Spirit Tower |
| 24:47 | Spirit Tower |
| 25:04 | Death Coil |
| 25:37 | Burrow |
| 26:25 | Slaughterhouse |
| 26:27 | Slaughterhouse |
| 27:45 | Gargoyle |
| 27:48 | Exhume Corpses |
| 27:48 | Meat Wagon |
| Right click | 1505 |
| Select | 459 |
| Select group | 298 |
| Build/train/purchase | 125 |
| Misc. action | 108 |
| Use ability | 69 |
| Assign group | 47 |
| Minimap ping | 11 |
| Resource trade | 10 |
| Esc | 4 |
| Item give/drop | 2 |
101 units @ 11.8k
/ 2.2k
171 buildings @ 12.6k
/ 6.7k
DudeWhy
(236)
(43:55) : 
| Lesser Clarity Potion | 9 | 630 |
| Healing Salve | 1 | 100 |
| Orb of Lightning | 1 | 375 |
| Potion of Mana | 1 | 200 |
| Boots of Speed | 1 | 250 |
| Staff of Teleportation | 1 | 150 |
| total: | 14 | 1705g |
| Peon | 23 | 1725 | / | 0 |
| Troll Witch Doctor | 3 | 435 | / | 75 |
| total: | 26 | 2160g | / | 75w |
| Watch Tower | 28 | 3080 | / | 2240 |
| Altar of Storms | 1 | 180 | / | 50 |
| Orc Burrow | 6 | 960 | / | 240 |
| Voodoo Lounge | 2 | 260 | / | 60 |
| War Mill | 1 | 205 | / | 0 |
| Great Hall | 1 | 385 | / | 185 |
| Spirit Lodge | 1 | 150 | / | 150 |
| Stronghold | 1 | 315 | / | 190 |
| Fortress | 1 | 325 | / | 190 |
| total: | 40 | 5220g | / | 2925w |
| 0:09 | Peon |
| 0:22 | Peon |
| 0:25 | Altar of Storms |
| 0:32 | Peon |
| 0:42 | Orc Burrow |
| 0:43 | Peon |
| 0:49 | Peon |
| 0:57 | Peon |
| 1:12 | Peon |
| 1:24 | Peon |
| 1:45 | Voodoo Lounge |
| 1:56 | Orc Burrow |
| 2:01 | Peon |
| 2:11 | Peon |
| 2:27 | War Mill |
| 2:28 | Peon |
| 2:36 | Wind Walk |
| 2:57 | Peon |
| 3:36 | Peon |
| 3:39 | Watch Tower |
| 3:40 | Watch Tower |
| 4:00 | Peon |
| 4:02 | Spiked Barricades |
| 4:43 | Great Hall |
| 4:47 | Voodoo Lounge |
| 4:50 | Peon |
| 4:51 | Peon |
| 4:59 | Peon |
| 5:00 | Lesser Clarity Potion |
| 5:00 | Healing Salve |
| 5:03 | Lesser Clarity Potion |
| 6:16 | Watch Tower |
| 6:17 | Watch Tower |
| 6:17 | Watch Tower |
| 6:25 | Peon |
| 6:25 | Peon |
| 8:15 | Boots of Speed |
| 8:29 | Stronghold |
| 8:40 | Lesser Clarity Potion |
| 8:48 | Watch Tower |
| 8:49 | Watch Tower |
| 8:49 | Watch Tower |
| 10:08 | Watch Tower |
| 10:10 | Watch Tower |
| 11:09 | Critical Strike |
| 11:19 | Fortress |
| 11:49 | Reinforced Defenses |
| 12:18 | Watch Tower |
| 15:28 | Watch Tower |
| 15:28 | Watch Tower |
| 15:46 | Watch Tower |
| 15:50 | Watch Tower |
| 15:59 | Spirit Lodge |
| 16:07 | Orc Burrow |
| 17:10 | Wind Walk |
| 17:27 | Peon |
| 17:27 | Peon |
| 17:28 | Peon |
| 17:28 | Peon |
| 17:34 | Witch Doctor Adept Training |
| 17:40 | Orc Burrow |
| 19:11 | Lesser Clarity Potion |
| 19:13 | Orb of Lightning |
| 19:30 | Critical Strike |
| 20:25 | Staff of Teleportation |
| 21:10 | Witch Doctor Master Training |
| 21:10 | Troll Witch Doctor |
| 21:10 | Troll Witch Doctor |
| 21:12 | Troll Witch Doctor |
| 23:02 | Watch Tower |
| 23:03 | Watch Tower |
| 23:04 | Watch Tower |
| 23:05 | Watch Tower |
| 23:26 | Watch Tower |
| 23:27 | Watch Tower |
| 23:27 | Watch Tower |
| 24:29 | Watch Tower |
| 24:30 | Watch Tower |
| 24:34 | Watch Tower |
| 24:35 | Watch Tower |
| 24:35 | Watch Tower |
| 24:36 | Watch Tower |
| 25:48 | Wind Walk |
| 26:05 | Orc Burrow |
| 26:06 | Orc Burrow |
| 26:14 | Lesser Clarity Potion |
| 28:57 | Lesser Clarity Potion |
| 33:54 | Potion of Mana |
| 34:11 | Bladestorm |
| 36:13 | Critical Strike |
| 37:16 | Lesser Clarity Potion |
| 40:08 | Mirror Image |
| 41:34 | Lesser Clarity Potion |
| 41:44 | Lesser Clarity Potion |
| 42:15 | Mirror Image |
| Right click | 2894 |
| Select | 254 |
| Build/train/purchase | 121 |
| Misc. action | 100 |
| Resource trade | 90 |
| Select group | 38 |
| Use ability | 19 |
| Item give/drop | 8 |
| Assign group | 6 |
| Minimap ping | 4 |
| Esc | 1 |



| Peasant | 13 | 975 | / | 0 |
| Dragonhawk Rider | 7 | 1400 | / | 210 |
| Gryphon Rider | 6 | 1680 | / | 420 |
| total: | 26 | 4055g | / | 630w |
| Scout Tower | 79 | 2370 | / | 1580 |
| Arcane Tower | 4 | 280 | / | 200 |
| Guard Tower | 14 | 980 | / | 700 |
| Altar of Kings | 1 | 180 | / | 50 |
| Farm | 9 | 720 | / | 180 |
| Lumber Mill | 1 | 120 | / | 0 |
| Arcane Vault | 1 | 130 | / | 30 |
| Town Hall | 1 | 385 | / | 205 |
| Arcane Sanctum | 1 | 150 | / | 140 |
| Gryphon Aviary | 2 | 280 | / | 300 |
| Keep | 1 | 320 | / | 210 |
| Castle | 1 | 360 | / | 210 |
| total: | 95 | 4335g | / | 2485w |
| 0:02 | Peasant |
| 0:02 | Peasant |
| 0:08 | Altar of Kings |
| 0:14 | Farm |
| 0:16 | Farm |
| 0:37 | Peasant |
| 0:43 | Peasant |
| 0:43 | Peasant |
| 0:59 | Lumber Mill |
| 1:02 | Peasant |
| 1:09 | Peasant |
| 1:09 | Peasant |
| 1:44 | Peasant |
| 1:58 | Peasant |
| 1:58 | Peasant |
| 2:02 | Improved Lumber Harvesting |
| 2:04 | Scout Tower |
| 2:13 | Storm Bolt |
| 2:21 | Peasant |
| 2:22 | Peasant |
| 2:25 | Improved Masonry |
| 2:36 | Arcane Tower |
| 4:06 | Scout Tower |
| 4:06 | Scout Tower |
| 4:07 | Scout Tower |
| 4:08 | Scout Tower |
| 4:13 | Keep |
| 4:17 | Scout Tower |
| 4:23 | Scout Tower |
| 4:35 | Scout Tower |
| 4:42 | Scout Tower |
| 4:43 | Scout Tower |
| 4:44 | Scout Tower |
| 4:45 | Scout Tower |
| 4:47 | Scout Tower |
| 4:47 | Scout Tower |
| 4:48 | Scout Tower |
| 4:50 | Guard Tower |
| 4:59 | Scout Tower |
| 5:00 | Scout Tower |
| 5:01 | Scout Tower |
| 5:03 | Scout Tower |
| 5:04 | Scout Tower |
| 5:05 | Scout Tower |
| 5:06 | Scout Tower |
| 5:07 | Scout Tower |
| 5:08 | Scout Tower |
| 5:09 | Scout Tower |
| 5:10 | Scout Tower |
| 5:10 | Scout Tower |
| 5:11 | Scout Tower |
| 5:13 | Guard Tower |
| 5:49 | Farm |
| 5:53 | Guard Tower |
| 6:12 | Scout Tower |
| 6:15 | Scout Tower |
| 6:16 | Guard Tower |
| 6:20 | Guard Tower |
| 6:26 | Scout Tower |
| 6:34 | Guard Tower |
| 6:36 | Scout Tower |
| 6:38 | Scout Tower |
| 6:41 | Guard Tower |
| 6:59 | Arcane Tower |
| 7:02 | Scout Tower |
| 7:04 | Scout Tower |
| 7:05 | Scout Tower |
| 7:09 | Scout Tower |
| 7:13 | Scout Tower |
| 7:14 | Scout Tower |
| 7:18 | Guard Tower |
| 8:01 | Advanced Masonry |
| 8:04 | Arcane Tower |
| 8:32 | Arcane Sanctum |
| 8:49 | Scout Tower |
| 8:50 | Scout Tower |
| 8:51 | Scout Tower |
| 8:51 | Scout Tower |
| 8:52 | Scout Tower |
| 8:53 | Scout Tower |
| 9:22 | Castle |
| 9:34 | Guard Tower |
| 9:58 | Magic Sentry |
| 10:00 | Sorceress Adept Training |
| 10:04 | Arcane Vault |
| 10:13 | Gryphon Aviary |
| 10:21 | Farm |
| 10:23 | Farm |
| 10:28 | Guard Tower |
| 10:33 | Scout Tower |
| 10:38 | Scout Tower |
| 10:39 | Scout Tower |
| 10:39 | Scout Tower |
| 11:48 | Arcane Tower |
| 11:54 | Cloud |
| 11:54 | Dragonhawk Rider |
| 11:54 | Dragonhawk Rider |
| 11:54 | Dragonhawk Rider |
| 12:11 | Imbued Masonry |
| 16:12 | Guard Tower |
| 17:45 | Scout Tower |
| 17:46 | Scout Tower |
| 17:48 | Scout Tower |
| 17:50 | Scout Tower |
| 17:51 | Scout Tower |
| 17:52 | Scout Tower |
| 17:53 | Scout Tower |
| 17:54 | Scout Tower |
| 17:58 | Scout Tower |
| 18:00 | Scout Tower |
| 18:01 | Scout Tower |
| 18:02 | Scout Tower |
| 18:03 | Scout Tower |
| 18:04 | Scout Tower |
| 19:31 | Dragonhawk Rider |
| 19:31 | Dragonhawk Rider |
| 19:31 | Dragonhawk Rider |
| 21:11 | Guard Tower |
| 21:14 | Scout Tower |
| 21:15 | Scout Tower |
| 21:16 | Scout Tower |
| 21:24 | Scout Tower |
| 21:25 | Scout Tower |
| 21:26 | Scout Tower |
| 21:26 | Scout Tower |
| 21:27 | Scout Tower |
| 21:29 | Scout Tower |
| 21:30 | Scout Tower |
| 21:31 | Scout Tower |
| 22:02 | Guard Tower |
| 22:53 | Holy Light |
| 23:19 | Scout Tower |
| 23:20 | Scout Tower |
| 23:23 | Scout Tower |
| 23:24 | Scout Tower |
| 23:26 | Scout Tower |
| 23:38 | Holy Light |
| 25:15 | Guard Tower |
| 26:26 | Dragonhawk Rider |
| 26:51 | Farm |
| 26:59 | Brilliance Aura |
| 30:50 | Divine Shield |
| 33:00 | Town Hall |
| 34:41 | Blizzard |
| 35:45 | Avatar |
| 40:18 | Holy Light |
| 41:21 | Gryphon Rider |
| 41:21 | Gryphon Rider |
| 41:21 | Gryphon Rider |
| 41:28 | Gryphon Aviary |
| 42:57 | Farm |
| 43:02 | Farm |
| 43:12 | Gryphon Rider |
| 43:14 | Gryphon Rider |
| 43:28 | Farm |
| 43:32 | Gryphon Rider |
| 43:59 | Brilliance Aura |
| Right click | 2844 |
| Select group | 2018 |
| Select | 487 |
| Build/train/purchase | 81 |
| Use ability | 44 |
| Assign group | 22 |
| Misc. action | 12 |
| Minimap ping | 12 |
| Chat | 11 |
| Resource trade | 4 |
| Esc | 1 |


| Boots of Speed | 2 | 500 |
| Healing Salve | 1 | 100 |
| Orb of Lightning | 1 | 375 |
| total: | 4 | 975g |
| Peasant | 15 | 1125 | / | 0 |
| Mortar Team | 13 | 2340 | / | 910 |
| Flying Machine | 21 | 2100 | / | 630 |
| total: | 49 | 5565g | / | 1540w |
| Scout Tower | 14 | 420 | / | 280 |
| Arcane Tower | 3 | 210 | / | 150 |
| Guard Tower | 2 | 140 | / | 100 |
| Altar of Kings | 2 | 360 | / | 100 |
| Farm | 13 | 1040 | / | 260 |
| Lumber Mill | 2 | 240 | / | 0 |
| Town Hall | 1 | 385 | / | 205 |
| Blacksmith | 1 | 140 | / | 60 |
| Workshop | 3 | 420 | / | 420 |
| Keep | 1 | 320 | / | 210 |
| Castle | 1 | 360 | / | 210 |
| total: | 36 | 3005g | / | 1325w |
| 0:06 | Altar of Kings |
| 0:10 | Farm |
| 0:10 | Peasant |
| 0:11 | Peasant |
| 0:22 | Peasant |
| 0:52 | Peasant |
| 0:57 | Lumber Mill |
| 0:59 | Farm |
| 1:01 | Peasant |
| 1:16 | Scout Tower |
| 1:18 | Peasant |
| 1:24 | Peasant |
| 1:46 | Arcane Tower |
| 1:56 | Peasant |
| 2:04 | Improved Masonry |
| 2:08 | Peasant |
| 2:39 | Storm Bolt |
| 2:46 | Peasant |
| 2:46 | Peasant |
| 2:46 | Peasant |
| 3:32 | Town Hall |
| 3:47 | Lumber Mill |
| 4:07 | Scout Tower |
| 4:20 | Peasant |
| 4:21 | Peasant |
| 4:21 | Peasant |
| 4:39 | Improved Lumber Harvesting |
| 4:45 | Arcane Tower |
| 4:57 | Keep |
| 5:02 | Blacksmith |
| 6:19 | Black Gunpowder |
| 6:35 | Healing Salve |
| 6:50 | Scout Tower |
| 7:23 | Arcane Tower |
| 7:25 | Castle |
| 7:26 | Refined Gunpowder |
| 7:49 | Bash |
| 7:50 | Bash |
| 8:12 | Workshop |
| 8:15 | Workshop |
| 8:38 | Workshop |
| 8:46 | Advanced Masonry |
| 9:04 | Iron Plating |
| 9:13 | Scout Tower |
| 9:35 | Holy Light |
| 10:01 | Fragmentation Shards |
| 10:02 | Flying Machine Bombs |
| 10:03 | Flak Cannons |
| 10:04 | Flare |
| 10:16 | Imbued Gunpowder |
| 10:28 | Imbued Masonry |
| 11:05 | Boots of Speed |
| 11:06 | Boots of Speed |
| 12:11 | Mortar Team |
| 12:11 | Mortar Team |
| 12:14 | Mortar Team |
| 12:17 | Steel Plating |
| 12:35 | Farm |
| 12:36 | Farm |
| 12:38 | Farm |
| 12:38 | Farm |
| 12:38 | Farm |
| 12:39 | Farm |
| 12:39 | Farm |
| 13:07 | Holy Light |
| 13:15 | Mortar Team |
| 13:36 | Mortar Team |
| 14:06 | Mortar Team |
| 14:58 | Flying Machine |
| 14:58 | Flying Machine |
| 14:58 | Flying Machine |
| 14:59 | Flying Machine |
| 14:59 | Flying Machine |
| 14:59 | Flying Machine |
| 14:59 | Flying Machine |
| 14:59 | Flying Machine |
| 15:16 | Storm Bolt |
| 15:46 | Farm |
| 15:47 | Farm |
| 15:55 | Flying Machine |
| 15:55 | Flying Machine |
| 15:56 | Flying Machine |
| 16:08 | Altar of Kings |
| 16:40 | Flying Machine |
| 16:41 | Flying Machine |
| 17:35 | Flying Machine |
| 17:36 | Flying Machine |
| 17:48 | Bash |
| 17:53 | Mithril Plating |
| 19:34 | Divine Shield |
| 19:35 | Divine Shield |
| 19:37 | Storm Bolt |
| 20:31 | Farm |
| 20:31 | Farm |
| 22:07 | Mortar Team |
| 23:08 | Scout Tower |
| 23:08 | Scout Tower |
| 23:09 | Scout Tower |
| 23:09 | Scout Tower |
| 23:10 | Scout Tower |
| 23:10 | Scout Tower |
| 23:24 | Mortar Team |
| 23:24 | Mortar Team |
| 23:35 | Storm Bolt |
| 24:14 | Guard Tower |
| 24:20 | Scout Tower |
| 24:20 | Scout Tower |
| 24:21 | Scout Tower |
| 24:22 | Scout Tower |
| 24:37 | Flying Machine |
| 24:37 | Flying Machine |
| 24:37 | Flying Machine |
| 24:37 | Flying Machine |
| 24:37 | Flying Machine |
| 24:37 | Flying Machine |
| 25:06 | Guard Tower |
| 27:00 | Bash |
| 32:50 | Divine Shield |
| 35:48 | Storm Bolt |
| 35:50 | Holy Light |
| 37:11 | Mortar Team |
| 37:20 | Orb of Lightning |
| 39:17 | Mortar Team |
| 41:17 | Mortar Team |
| 41:18 | Mortar Team |
| Right click | 2105 |
| Select group | 477 |
| Select | 285 |
| Misc. action | 201 |
| Use ability | 125 |
| Build/train/purchase | 111 |
| Chat | 25 |
| Assign group | 11 |
| Resource trade | 7 |
| Minimap ping | 5 |
| Remove unit | 3 |
| Item give/drop | 1 |
⇛